[Event "Titled Tuesday Blitz July 18 Early 2023"]
[White "Zaim, Marian"]
[Black "Estrada Nieto, Julian"]
[WhiteFideId "1204114"]
[BlackFideId "5101018"]
[WhiteElo "2351"]
[BlackElo "2511"]
[Result "0-1"]
[Round "10"]
[TimeControl "180+2"]
[Date "2023.07.18"]
[WhiteClock "0:00:04"]
[BlackClock "0:00:07"]
[Board "89"]

1. d4 d5 2. c4 dxc4 3. g3 Nf6 4. Bg2 c6 5. a4 Bf5 6. Na3 e6 7. Nxc4 Bb4+ 8. Bd2 Bxd2+ 9. Qxd2 O-O 10. e3 Qe7 11. Nf3 c5 12. O-O Be4 13. dxc5 Qxc5 14. Qd4 Nbd7 15. Nfe5 Qxd4 16. exd4 Bxg2 17. Kxg2 Rac8 18. Rac1 Nxe5 19. dxe5 Nd5 20. Nd6 Rb8 21. Rc2 Rfd8 22. Ne4 Rbc8 23. Rfc1 Rxc2 24. Rxc2 h6 25. Kf3 Kf8 26. Ke2 f5 27. Nd6 Rb8 28. Rc8+ Rxc8 29. Nxc8 a6 30. Nd6 b6 31. f4 Ke7 32. Kd3 Kd7 33. Kd4 g5 34. fxg5 hxg5 35. Nf7 g4 36. Nd6 Kc6 37. b3 b5 38. axb5+ axb5 39. Nf7 Nb4 40. Nd8+ Kd7 41. Nf7 Kc6 42. Nd8+ Kd7 43. Nf7 Ke7 44. Nd6 Nc6+ 45. Ke3 Nxe5 46. Nxb5 Nc6 47. Nc3 Kd6 48. Ne2 e5 49. Ng1 Kc5 50. h4 gxh3 51. Nxh3 Nd4 52. Ng5 Nxb3 53. Nf7 Kd5 54. Nh6 Nd4 55. g4 f4+ 56. Kf2 e4 57. g5 e3+ 58. Ke1 Ke5 59. Ng4+ Kf5 60. g6 Kxg6 61. Ne5+ Kf5 62. Nd3 Ke4 63. Nc5+ Kf3 64. Nd3 Ke4 65. Nc5+ Kd5 66. Nd3 f3 67. Nf4+ Ke4 68. Nh5 f2+ 69. Kf1 Nf5 70. Nf6+ Kf3 71. Ne4 e2# 0-1


[Site "https://www.chess.com"]

[Event "Titled Tuesday Blitz July 18 Early 2023"]
[White "ElenGajger"]
[Black "Vaglio Munoz, Jaime"]
[BlackFideId "6500145"]
[WhiteElo "2508"]
[BlackElo "2272"]
[Result "1-0"]
[Round "10"]
[TimeControl "180+2"]
[Date "2023.07.18"]
[WhiteClock "0:00:10"]
[BlackClock "0:00:11"]
[Board "90"]

1. e4 c5 2. Nc3 Qa5 3. Nf3 a6 4. d4 b5 5. dxc5 e6 6. Bd2 b4 7. Ne2 Bxc5 8. Ng3 Qb6 9. Qe2 Bb7 10. Ne5 Nc6 11. Nc4 Qc7 12. c3 Nf6 13. Nh5 Nxh5 14. Qxh5 Ne7 15. Bd3 d5 16. exd5 Bxd5 17. Ne3 Qb6 18. O-O h6 19. Nxd5 Nxd5 20. Be4 Rd8 21. Rad1 Nf6 22. Qf3 Nxe4 23. Qxe4 O-O 24. cxb4 Bd4 25. b3 f5 26. Qe2 e5 27. Be3 Qxb4 28. Bxd4 exd4 29. Qxa6 f4 30. Qc4+ Qxc4 31. bxc4 d3 32. Rfe1 Rd4 33. c5 Rc8 34. Re5 d2 35. h3 f3 36. gxf3 Kf7 37. Kf1 Kf6 38. Re4 Rd3 39. Re3 Rd5 40. Rc3 Rc6 41. Ke2 Re6+ 42. Re3 Rc6 43. Rxd2 Rdxc5 44. Red3 Ke7 45. Rd5 Rc4 46. Rd7+ Ke6 47. Rxg7 Kf6 48. Rgd7 Re6+ 49. Kf1 Rh4 50. Kg2 Rh5 51. R7d6 Rg5+ 52. Kf1 Ra5 53. Rxe6+ Kxe6 54. f4 Kf5 55. Rd4 Rxa2 56. Kg2 Ra3 57. f3 h5 58. Kg3 h4+ 59. Kxh4 Rxf3 60. Rc4 Rf1 61. Rc8 Rg1 62. Rf8+ Kg6 63. Rg8+ Kf5 64. Rxg1 Kxf4 65. Kh5 Kf5 66. h4 Kf6 67. Kg4 Kg6 68. h5+ Kh6 69. Kh4 Kh7 70. Rg6 Kh8 71. Kg5 Kh7 72. Rf6 Kg7 73. h6+ Kh7 74. Rf7+ Kg8 75. Kg6 Kh8 76. Rf8# 1-0


[Site "https://www.chess.com"]

[Event "Titled Tuesday Blitz July 18 Early 2023"]
[White "LLariMarc"]
[Black "Michalczak, Thomas"]
[BlackFideId "4622634"]
[WhiteElo "2250"]
[BlackElo "2505"]
[Result "1-0"]
[Round "10"]
[TimeControl "180+2"]
[Date "2023.07.18"]
[WhiteClock "0:02:38"]
[BlackClock "0:00:45"]
[Board "91"]

1. d4 Nf6 2. Nf3 d5 3. Bg5 Ne4 4. Bf4 c5 5. Nbd2 Nxd2 6. Qxd2 Nc6 7. e3 cxd4 8. exd4 Bf5 9. c3 e6 10. Bd3 Bxd3 11. Qxd3 Be7 12. O-O O-O 13. Rfe1 a6 14. Ne5 Na5 15. Re3 Bd6 16. Rh3 g6 17. Bh6 Re8 18. Re1 Bxe5 19. dxe5 Nc4 20. b3 Na3 21. Qg3 Nb5 22. Bg5 Qc7 23. Bf6 Rec8 24. Rxh7 1-0


[Site "https://www.chess.com"]

[Event "Titled Tuesday Blitz July 18 Early 2023"]
[White "Harriott, Tyrell"]
[Black "Begmuratov, Alisher"]
[WhiteFideId "2086484"]
[BlackFideId "14203367"]
[WhiteElo "2420"]
[BlackElo "2639"]
[Result "0-1"]
[Round "10"]
[TimeControl "180+2"]
[Date "2023.07.18"]
[WhiteClock "0:00:19"]
[BlackClock "0:01:18"]
[Board "92"]

1. d4 Nf6 2. e3 e6 3. Bd3 d5 4. f4 c5 5. c3 Be7 6. Nf3 O-O 7. O-O b6 8. Nbd2 Bb7 9. Ne5 Nbd7 10. Qf3 Rc8 11. g4 g6 12. Rf2 Nxe5 13. fxe5 Ne8 14. Qh3 f6 15. exf6 Rxf6 16. Nf3 Ng7 17. Ng5 h5 18. Nf3 Qf8 19. Bd2 hxg4 20. Qxg4 Bd6 21. Raf1 Nf5 22. Ne5 Qg7 23. Rg2 g5 24. Bxf5 exf5 25. Rxf5 Rcf8 26. Rxf6 Qxf6 27. Qxg5+ Qxg5 28. Rxg5+ Kh7 29. Be1 Ba6 30. Bf2 cxd4 31. exd4 Be7 32. Rg3 Bf6 33. Nd7 Rf7 34. Nxf6+ Rxf6 35. Kg2 Bc8 36. Be3 Bf5 37. Kf2 Bb1+ 38. Ke2 Bxa2 39. Kd2 Bb1 40. Bg5 Rf7 41. Be3 Be4 42. Ke2 a5 43. Rg5 b5 44. h4 b4 45. cxb4 axb4 46. h5 Rc7 47. Re5 Rc2+ 48. Ke1 Rxb2 49. Re7+ Kg8 50. Rb7 b3 51. h6 Bd3 52. Bf4 Re2+ 53. Kd1 b2 54. Rb8+ Kh7 55. Rb7+ Kg6 56. Bd2 Rxd2+ 57. Kxd2 b1=Q 58. Rxb1 Bxb1 59. Ke3 Kxh6 60. Kf4 Be4 61. Ke5 Kg5 62. Ke6 Kg4 63. Ke5 Kf3 64. Kd6 Ke3 65. Kc5 Kd3 66. Kb4 Kxd4 67. Ka3 Ke3 68. Kb2 d4 69. Kc1 d3 70. Kd1 Bf3+ 71. Kc1 d2+ 72. Kc2 d1=Q+ 73. Kc3 Qc1+ 74. Kb3 Kd4 75. Kb4 Qb2+ 76. Ka5 Kc5 77. Ka6 Qb6# 0-1


[Site "https://www.chess.com"]

[Event "Titled Tuesday Blitz July 18 Early 2023"]
[White "Golubev, Mikhail"]
[Black "Mazurkiewicz, Michal"]
[WhiteFideId "14100983"]
[BlackFideId "1124943"]
[WhiteElo "2586"]
[BlackElo "2416"]
[Result "1-0"]
[Round "10"]
[TimeControl "180+2"]
[Date "2023.07.18"]
[WhiteClock "0:01:45"]
[BlackClock "0:00:54"]
[Board "93"]

1. e4 d6 2. d4 Nf6 3. Nc3 c6 4. f4 Qb6 5. Be2 e5 6. fxe5 dxe5 7. dxe5 Nfd7 8. e6 fxe6 9. Nf3 Nc5 10. O-O Nxe4+ 11. Kh1 Nf2+ 12. Rxf2 Qxf2 13. Ne4 Qb6 14. Ne5 Be7 15. Bh5+ g6 16. Nxg6 1-0


[Site "https://www.chess.com"]

[Event "Titled Tuesday Blitz July 18 Early 2023"]
[White "NicolaiMaxime"]
[Black "KorolDimitriy75"]
[WhiteElo "2576"]
[BlackElo "2411"]
[Result "1-0"]
[Round "10"]
[TimeControl "180+2"]
[Date "2023.07.18"]
[WhiteClock "0:00:52"]
[BlackClock "0:00:00"]
[Board "94"]

1. c4 c5 2. Nc3 g6 3. g3 Bg7 4. Bg2 Nc6 5. a3 a6 6. h4 h5 7. d3 Rb8 8. Nf3 d6 9. Bg5 b5 10. cxb5 axb5 11. Qd2 b4 12. axb4 Nxb4 13. Ne4 Nh6 14. O-O Nf5 15. Nh2 O-O 16. g4 hxg4 17. Nxg4 Nd4 18. Nh6+ Kh7 19. Bf4 e5 20. Ng5+ Qxg5 21. Bxg5 f6 22. Ra7 fxg5 23. Qxg5 Nxe2+ 24. Kh2 Nf4 25. h5 Bf5 26. Be4 Bxe4 27. dxe4 1-0


[Site "https://www.chess.com"]

[Event "Titled Tuesday Blitz July 18 Early 2023"]
[White "ArturoCaceres"]
[Black "Chor, Kevin"]
[BlackFideId "2090740"]
[WhiteElo "2400"]
[BlackElo "2541"]
[Result "1-0"]
[Round "10"]
[TimeControl "180+2"]
[Date "2023.07.18"]
[WhiteClock "0:00:04"]
[BlackClock "0:00:01"]
[Board "95"]

1. d4 Nf6 2. f3 g6 3. Kf2 Bg7 4. e3 O-O 5. Bd3 c5 6. c3 b6 7. Ne2 Bb7 8. h4 Nc6 9. Ng3 e5 10. dxc5 bxc5 11. e4 d5 12. exd5 Nxd5 13. h5 Nf4 14. Bc4 Qe7 15. hxg6 hxg6 16. Be3 Na5 17. Be2 Rfd8 18. Qc2 Nxe2 19. Qxe2 f5 20. Nd2 Qf6 21. Bxc5 Ba6 22. Qe1 Rac8 23. Bxa7 Rd3 24. b4 Rcd8 25. Nb3 Nc4 26. Nf1 e4 27. Bd4 R8xd4 28. Nxd4 Rxd4 29. cxd4 Qxd4+ 30. Ne3 f4 31. Rd1 fxe3+ 32. Kg3 Qe5+ 33. f4 Qe7 34. a4 Bc8 35. Rc1 Be6 36. Kh2 Qf6 37. Qg3 e2 38. Rhe1 Qb2 39. b5 Bf5 40. Rxc4 Qd2 41. Rcc1 Bd4 42. a5 Qxa5 43. Rxe2 Qxb5 44. Rce1 Qd7 45. Rxe4 Bxe4 46. Rxe4 Qg7 47. f5 gxf5 48. Rxd4 1-0


[Site "https://www.chess.com"]

[Event "Titled Tuesday Blitz July 18 Early 2023"]
[White "Ezat, Mohamed"]
[Black "Melikhov, Evgeny V."]
[WhiteFideId "10600906"]
[BlackFideId "4122046"]
[WhiteElo "2537"]
[BlackElo "2411"]
[Result "1-0"]
[Round "10"]
[TimeControl "180+2"]
[Date "2023.07.18"]
[WhiteClock "0:00:15"]
[BlackClock "0:00:00"]
[Board "96"]

1. d4 Nf6 2. Nc3 d5 3. Bg5 e6 4. e4 dxe4 5. Nxe4 Nbd7 6. Nf3 h6 7. Bh4 c5 8. Bxf6 Nxf6 9. Bb5+ Bd7 10. Nxf6+ gxf6 11. Bd3 cxd4 12. O-O e5 13. Re1 Bc6 14. Qe2 Rg8 15. Be4 Be7 16. c3 dxc3 17. bxc3 Qc7 18. Rad1 Rd8 19. Qc4 Rxd1 20. Rxd1 Kf8 21. h3 f5 22. Bxc6 bxc6 23. Nh4 Bxh4 24. Qxh4 Rg6 25. Qh5 f4 26. Re1 Kg7 27. Rxe5 f3 28. g3 Qd6 29. Rf5 Qd1+ 30. Kh2 Qe2 31. Qxf3 Qxf3 32. Rxf3 Rd6 33. c4 Rd2 34. a3 Rc2 35. Kg2 Rxc4 36. Rb3 f5 37. Rb7+ Kf6 38. Rxa7 Rc2 39. Kf3 Rc3+ 40. Ke2 f4 41. gxf4 Rxh3 42. Ra6 Rc3 43. Kd2 Rc5 44. Kd3 Kf5 45. Ke3 Rc3+ 46. Kd4 Rc1 47. a4 Kxf4 48. Ra8 h5 49. Rf8+ Kg4 50. Rf6 h4 51. a5 h3 52. Rh6 Ra1 53. Ke3 Ra3+ 54. Ke4 Ra4+ 55. Ke3 Ra3+ 56. Ke2 Rxa5 57. f3+ Kg3 58. Rg6+ Kh2 59. f4 Ra2+ 60. Kf3 Rg2 61. Rh6 Rg7 62. f5 Rc7 63. f6 c5 64. Kg4 Kg2 65. Rxh3 Rf7 66. Rh6 c4 67. Kf5 c3 68. Rg6+ Kf3 69. Rg7 1-0


[Site "https://www.chess.com"]

[Event "Titled Tuesday Blitz July 18 Early 2023"]
[White "Girya, Olga"]
[Black "Rian, Kapriaga"]
[WhiteFideId "4195752"]
[BlackFideId "7103263"]
[WhiteElo "2512"]
[BlackElo "2400"]
[Result "1-0"]
[Round "10"]
[TimeControl "180+2"]
[Date "2023.07.18"]
[WhiteClock "0:00:12"]
[BlackClock "0:00:00"]
[Board "97"]

1. d4 Nf6 2. Nf3 d5 3. c4 e6 4. Nc3 Be7 5. Bf4 O-O 6. e3 Nbd7 7. a3 Ne4 8. Bd3 f5 9. cxd5 Nxc3 10. bxc3 exd5 11. Qb3 c6 12. h4 Kh8 13. h5 h6 14. Qc2 Qa5 15. Kf1 Nf6 16. Ne5 Re8 17. Ng6+ Kg8 18. g3 Ne4 19. Kg2 Bf6 20. f3 Nxc3 21. Rhc1 Na4 22. Ra2 Bd7 23. Bxf5 Bxf5 24. Qxf5 Nb6 25. g4 Nc4 26. Rxc4 Qe1 27. Rcc2 Rxe3 28. Bxe3 Qxe3 29. Re2 Qxd4 30. Qe6+ Kh7 31. Qe8 Rxe8 32. Rxe8 1-0


[Site "https://www.chess.com"]

[Event "Titled Tuesday Blitz July 18 Early 2023"]
[White "Mejia, Cherry Ann"]
[Black "Turzo, Attila"]
[WhiteFideId "5206880"]
[BlackFideId "704954"]
[WhiteElo "2378"]
[BlackElo "2509"]
[Result "0-1"]
[Round "10"]
[TimeControl "180+2"]
[Date "2023.07.18"]
[WhiteClock "0:00:04"]
[BlackClock "0:00:58"]
[Board "98"]

1. e4 d6 2. Nc3 Nf6 3. d4 g6 4. Nf3 Bg7 5. h3 a6 6. Be3 b5 7. Qd2 b4 8. Na4 Nxe4 9. Qxb4 O-O 10. Bd3 Nf6 11. O-O Nd5 12. Qd2 Nxe3 13. Qxe3 Bb7 14. Be4 c6 15. c4 Nd7 16. Rac1 Rb8 17. b4 Re8 18. Rfd1 Qc7 19. a3 e5 20. dxe5 Nxe5 21. Nxe5 Rxe5 22. Qd3 Re6 23. Bf3 Rbe8 24. c5 d5 25. Nc3 Qf4 26. Ne2 Qh4 27. Nd4 Bxd4 28. Qxd4 Re1+ 29. Rxe1 Rxe1+ 30. Rxe1 Qxd4 31. Re8+ Kg7 32. g3 Qa1+ 33. Kg2 Qxa3 34. Rb8 Qxb4 35. Bg4 f5 36. Be2 a5 37. Kh2 Kf6 38. Ba6 Bxa6 0-1


[Site "https://www.chess.com"]

[Event "Titled Tuesday Blitz July 18 Early 2023"]
[White "Omariev, Maksim"]
[Black "Borrmann, Laurenz"]
[WhiteFideId "4193423"]
[BlackFideId "312187930"]
[WhiteElo "2376"]
[BlackElo "2500"]
[Result "1-0"]
[Round "10"]
[TimeControl "180+2"]
[Date "2023.07.18"]
[WhiteClock "0:00:29"]
[BlackClock "0:00:00"]
[Board "99"]

1. g4 d5 2. Bg2 h5 3. gxh5 e5 4. d4 e4 5. c4 c6 6. Nc3 Nf6 7. Bg5 Bb4 8. e3 Be6 9. Ne2 Rxh5 10. h4 dxc4 11. Ng3 Rh8 12. Nxe4 Nbd7 13. Qc2 Qa5 14. O-O-O Nd5 15. Kb1 Bf5 16. Nxd5 Qxd5 17. Ka1 Qb5 18. Rc1 Nb6 19. Nf6+ 1-0


[Site "https://www.chess.com"]

[Event "Titled Tuesday Blitz July 18 Early 2023"]
[White "vishwa_vijeta"]
[Black "K2JW"]
[WhiteElo "2477"]
[BlackElo "2366"]
[Result "1-0"]
[Round "10"]
[TimeControl "180+2"]
[Date "2023.07.18"]
[WhiteClock "0:01:30"]
[BlackClock "0:00:07"]
[Board "100"]

1. e4 c6 2. d4 d5 3. Bd3 dxe4 4. Bxe4 Nf6 5. Bf3 Bf5 6. Bf4 e6 7. Ne2 Bd6 8. Bxd6 Qxd6 9. c3 Nbd7 10. Nd2 O-O 11. O-O e5 12. Nc4 Qc7 13. Ng3 Be6 14. Nxe5 Nxe5 15. dxe5 Qxe5 16. Re1 Qc7 17. Qc2 Bd5 18. Bxd5 Nxd5 19. h3 Rfe8 20. Qd2 Qf4 21. Qxf4 Nxf4 22. Rxe8+ Rxe8 23. Rd1 Nd5 24. c4 Nf6 25. b3 g6 26. Kf1 Kg7 27. Rd6 Re7 28. Rd8 Rd7 29. Ra8 a6 30. Rb8 h5 31. Ke2 h4 32. Nf1 Ne4 33. Kf3 f5 34. Ne3 Rd2 35. Rxb7+ Kf6 36. Ng4+ fxg4+ 37. Kxe4 Rxf2 38. hxg4 Rxg2 39. Kf3 Rg3+ 40. Kf2 Rxg4 41. Rb6 h3 42. Rxc6+ Kg5 43. Rc8 Rh4 44. Kg1 h2+ 45. Kh1 Kf4 46. Rd8 g5 47. Rd4+ Kg3 48. Rxh4 Kxh4 49. Kxh2 Kg4 50. Kg2 Kf4 51. b4 Ke4 52. c5 Kd5 53. Kg3 Kc6 54. a3 Kb5 55. Kg4 a5 56. Kxg5 axb4 57. axb4 Kc6 58. Kf5 Kb5 1-0


[Site "https://www.chess.com"]

[Event "Titled Tuesday Blitz July 18 Early 2023"]
[White "Senft, Sean"]
[Black "Rodriguez Fontecha, Marcos"]
[WhiteFideId "2044960"]
[BlackFideId "2256576"]
[WhiteElo "2363"]
[BlackElo "2474"]
[Result "0-1"]
[Round "10"]
[TimeControl "180+2"]
[Date "2023.07.18"]
[WhiteClock "0:01:18"]
[BlackClock "0:00:13"]
[Board "101"]

1. d4 Nf6 2. c4 d6 3. Nc3 e5 4. Nf3 e4 5. Nd2 Qe7 6. e3 Bf5 7. Be2 g6 8. O-O Bg7 9. Re1 h5 10. f3 Nc6 11. fxe4 Nxe4 12. Ndxe4 Bxe4 13. Nxe4 Qxe4 14. Bf3 Qe7 15. Qa4 O-O 16. Bxc6 bxc6 17. Qxc6 Bxd4 18. Rb1 Be5 19. b3 Qh4 20. g3 Qf6 21. Rf1 Qg5 22. Qf3 h4 23. e4 Qe7 24. Bf4 Rae8 25. Bxe5 Qxe5 26. Rf2 Qxe4 27. Rbf1 Qxf3 28. Rxf3 hxg3 29. hxg3 Re2 30. R1f2 Rxf2 31. Kxf2 f5 32. Rd3 Kf7 33. Rd5 Ke6 34. Ra5 Ra8 35. Ke3 Kd7 36. Kf4 Ke6 37. Kg5 Kf7 38. Rb5 Rh8 39. Rb7 Rh5+ 40. Kf4 Kf6 41. Rxc7 g5+ 42. Kf3 Rh2 43. Rxa7 g4+ 44. Ke3 Rg2 45. a4 Rxg3+ 46. Kf2 Rxb3 47. a5 Ra3 48. a6 f4 49. Ra8 Ra2+ 50. Kf1 Ke5 51. a7 Kd4 52. Rf8 Rxa7 53. Rxf4+ Kc5 54. Rxg4 Ra4 55. Ke2 Rxc4 56. Rg5+ d5 57. Kd3 Rh4 58. Rg8 Rh3+ 59. Kd2 Kc4 60. Re8 Rh2+ 61. Ke3 d4+ 62. Kf3 Kd3 63. Rc8 Rc2 64. Ra8 Rc3 65. Kf2 Kd2 66. Ra2+ Rc2 67. Ra1 d3 68. Rb1 Rc1 69. Rb8 Rc7 70. Rb1 Rf7+ 71. Kg2 Kc2 72. Ra1 d2 73. Ra2+ Kc1 74. Ra1+ Kb2 75. Rh1 Kc2 76. Rh8 d1=Q 77. Rc8+ Kb3 78. Rb8+ Ka4 79. Ra8+ Kb5 80. Rb8+ Ka6 81. Ra8+ Kb7 82. Ra2 Qg4+ 83. Kh1 Rh7+ 84. Rh2 Qd1+ 85. Kg2 Qd2+ 86. Kg1 Qxh2+ 87. Kf1 Rf7+ 88. Ke1 Qf2+ 89. Kd1 Rd7+ 90. Kc1 Qd2+ 91. Kb1 Qd1+ 92. Kb2 Rd2+ 93. Kc3 Qc1+ 94. Kb4 Rb2+ 95. Ka5 Qa1# 0-1


[Site "https://www.chess.com"]

[Event "Titled Tuesday Blitz July 18 Early 2023"]
[White "Sathish, Pranav"]
[Black "Llanos, Guillermo"]
[WhiteFideId "30967538"]
[BlackFideId "100358"]
[WhiteElo "2468"]
[BlackElo "2356"]
[Result "1-0"]
[Round "10"]
[TimeControl "180+2"]
[Date "2023.07.18"]
[WhiteClock "0:00:09"]
[BlackClock "0:00:00"]
[Board "102"]

1. Nf3 Nf6 2. b3 g6 3. Bb2 Bg7 4. g3 b6 5. Bg2 Bb7 6. O-O O-O 7. c4 c5 8. d4 cxd4 9. Qxd4 Nc6 10. Qc3 Ne8 11. Qd2 Bxb2 12. Qxb2 Nf6 13. Nc3 d6 14. Rfd1 Rc8 15. Rac1 Qd7 16. e4 Qe8 17. Qe2 Nd7 18. Nd5 Nce5 19. Nd4 e6 20. Nc3 a6 21. f4 Nc6 22. Nxc6 Bxc6 23. Rxd6 e5 24. f5 Qe7 25. Rcd1 Nf6 26. Qe3 b5 27. Qg5 Kg7 28. c5 h6 29. Qe3 b4 30. Nd5 Bxd5 31. exd5 gxf5 32. Rf1 Ng4 33. Qd3 Rxc5 34. Rxa6 Rc3 35. Qxf5 Ne3 36. d6 Nxf5 37. dxe7 Nxe7 38. Ra7 Nc6 39. Rb7 Rc2 40. Be4 Rc3 41. Bd5 Kg6 42. Bxf7+ Kg5 43. h4+ Kg4 44. Be6+ Kxg3 45. Rg7+ Kxh4 46. Rxf8 Nd4 47. Rg4+ Kh5 48. Bd7 Ne2+ 49. Kf2 Nf4 50. Rgg8 Rc2+ 51. Ke1 Nd3+ 52. Kd1 Rxa2 53. Bg4+ Kh4 54. Rf3 Nf2+ 55. Rxf2 Rxf2 56. Be2 Rf4 57. Rg6 h5 58. Rh6 Rf5 59. Kd2 Rg5 60. Rb6 1-0


[Site "https://www.chess.com"]

[Event "Titled Tuesday Blitz July 18 Early 2023"]
[White "micke12a"]
[Black "Ljukin, Sergei"]
[BlackFideId "14102200"]
[WhiteElo "2346"]
[BlackElo "2464"]
[Result "1-0"]
[Round "10"]
[TimeControl "180+2"]
[Date "2023.07.18"]
[WhiteClock "0:00:35"]
[BlackClock "0:00:02"]
[Board "103"]

1. e4 e6 2. d4 d5 3. Nc3 Bb4 4. Ne2 Nc6 5. exd5 exd5 6. a3 Bd6 7. g3 Nf6 8. Bg2 Ne7 9. O-O c6 10. Bg5 Ng6 11. Re1 O-O 12. h3 h6 13. Be3 Bf5 14. Qd2 Re8 15. g4 Ne4 16. Nxe4 Bxe4 17. Ng3 Bxg3 18. fxg3 Bxg2 19. Kxg2 Re4 20. Bf2 Qe7 21. Qd3 Re8 22. Rxe4 dxe4 23. Qe3 Qe6 24. Re1 b5 25. b3 a5 26. Qc3 a4 27. bxa4 bxa4 28. Qb4 Ne7 29. c4 f5 30. gxf5 Nxf5 31. g4 Nd6 32. Qxa4 Nxc4 33. Rc1 e3 34. Qxc4 exf2 35. Qxe6+ Rxe6 36. Kxf2 Re4 37. Rxc6 Rxd4 38. Ke3 Ra4 39. Rc3 Kf7 40. Kd3 Kf6 41. Kc2 Kg5 42. Kb3 Ra7 43. a4 Rb7+ 44. Ka3 Ra7 45. Rc5+ Kh4 46. Rh5+ Kg3 47. a5 Re7 48. Kb4 Re1 49. a6 Rb1+ 50. Ka5 Ra1+ 51. Kb6 Rb1+ 52. Rb5 Re1 53. Rb3+ Kh4 54. a7 1-0


[Site "https://www.chess.com"]

[Event "Titled Tuesday Blitz July 18 Early 2023"]
[White "Korpics, Zsolt"]
[Black "Der_Balak_3Halak"]
[WhiteFideId "705241"]
[WhiteElo "2335"]
[BlackElo "2462"]
[Result "0-1"]
[Round "10"]
[TimeControl "180+2"]
[Date "2023.07.18"]
[WhiteClock "0:00:00"]
[BlackClock "0:01:09"]
[Board "104"]

1. e4 c6 2. Nf3 g6 3. d4 d5 4. Nc3 dxe4 5. Nxe4 Bg7 6. h3 Nf6 7. Nxf6+ Bxf6 8. Bh6 Bf5 9. Bd3 Bxd3 10. Qxd3 Qa5+ 11. c3 Nd7 12. O-O O-O-O 13. Bf4 e5 14. Bh2 Rhe8 15. Rfe1 e4 16. Rxe4 Nc5 17. dxc5 Rxd3 18. Rxe8+ Rd8 19. Rxd8+ Bxd8 20. Bd6 Bc7 21. Rd1 Qxa2 22. Ne5 f6 23. Bxc7 Kxc7 24. Ng4 Qe6 25. Rd6 Qe1+ 26. Kh2 f5 27. Nf6 Qe5+ 28. g3 Qxc5 29. Rd7+ Kc8 30. Rxh7 Qxf2+ 31. Kh1 Qe1+ 32. Kh2 Qd2+ 33. Kh1 Qc1+ 34. Kh2 Qxb2+ 35. Kh1 Qxc3 36. Rf7 Qa1+ 37. Kh2 Qa2+ 38. Kh1 Qxf7 0-1


[Site "https://www.chess.com"]

[Event "Titled Tuesday Blitz July 18 Early 2023"]
[White "Arnold, Ken"]
[Black "Pershina, Elena"]
[WhiteFideId "2056836"]
[BlackFideId "24147516"]
[WhiteElo "2450"]
[BlackElo "2333"]
[Result "0-1"]
[Round "10"]
[TimeControl "180+2"]
[Date "2023.07.18"]
[WhiteClock "0:00:55"]
[BlackClock "0:00:33"]
[Board "105"]

1. e4 c5 2. Nf3 Nc6 3. d4 cxd4 4. Nxd4 Nf6 5. Nxc6 bxc6 6. Bd3 e5 7. O-O Be7 8. c4 O-O 9. b3 d5 10. exd5 cxd5 11. Bb2 e4 12. Be2 dxc4 13. Bxc4 Bb7 14. Nc3 Qa5 15. Qe2 Qg5 16. h3 Bc5 17. Rad1 Rfe8 18. Na4 e3 19. f4 Qxg2+ 20. Qxg2 Bxg2 21. Nxc5 Bxf1 22. Kxf1 Nh5 23. Rd7 e2+ 24. Bxe2 Ng3+ 25. Kf2 Rxe2+ 26. Kxg3 Rxb2 27. Ne4 Rxa2 28. f5 Rb2 29. Rb7 a5 30. Nd6 a4 31. bxa4 Rxb7 32. Nxb7 Rxa4 33. Nd6 Kf8 34. f6 gxf6 35. Nf5 Ke8 36. h4 Kd7 0-1


[Site "https://www.chess.com"]

[Event "Titled Tuesday Blitz July 18 Early 2023"]
[White "Mikhaylova, Irina"]
[Black "Namitbir Singh Walia"]
[WhiteFideId "4109040"]
[BlackFideId "35071068"]
[WhiteElo "2310"]
[BlackElo "2447"]
[Result "1/2-1/2"]
[Round "10"]
[TimeControl "180+2"]
[Date "2023.07.18"]
[WhiteClock "0:00:17"]
[BlackClock "0:00:05"]
[Board "106"]

1. d4 d5 2. Nf3 Nf6 3. c4 c6 4. cxd5 cxd5 5. Nc3 Nc6 6. Bf4 a6 7. Rc1 g6 8. e3 Bg7 9. h3 O-O 10. Bd3 Bf5 11. O-O Bxd3 12. Qxd3 Rc8 13. Ne5 e6 14. Bg5 h6 15. Bh4 g5 16. Bg3 Nxe5 17. Bxe5 Nd7 18. Bxg7 Kxg7 19. e4 dxe4 20. Nxe4 Nf6 21. Rxc8 Qxc8 22. Nxf6 Kxf6 23. f4 Kg7 24. fxg5 hxg5 25. Qg3 Qd8 26. Qe5+ f6 27. Qxe6 Qxd4+ 28. Kh1 Qxb2 29. Rd1 Rf7 30. Rd6 Qc1+ 31. Kh2 Qf4+ 32. Kh1 Qc1+ 33. Kh2 Qc3 34. h4 Qc1 35. h5 Qf4+ 36. g3 Qf2+ 37. Kh3 Qf1+ 38. Kh2 Qf2+ 39. Kh3 Qf1+ 40. Kh2 Qf2+ 1/2-1/2


[Site "https://www.chess.com"]

[Event "Titled Tuesday Blitz July 18 Early 2023"]
[White "Peiris, T G M"]
[Black "JonSnowNW1"]
[WhiteFideId "9901310"]
[WhiteElo "2289"]
[BlackElo "2443"]
[Result "1-0"]
[Round "10"]
[TimeControl "180+2"]
[Date "2023.07.18"]
[WhiteClock "0:02:04"]
[BlackClock "0:01:17"]
[Board "107"]

1. e4 c5 2. Nf3 d6 3. d4 cxd4 4. Nxd4 Nf6 5. Nc3 a6 6. Bg5 e6 7. Bc4 Be7 8. O-O Qc7 9. Bb3 O-O 10. Kh1 b5 11. a3 Bb7 12. Qe2 Qc8 13. f4 Nc6 14. Nxc6 Qxc6 15. f5 exf5 16. Rxf5 Nxe4 17. Bxe7 Rfe8 18. Bxf7+ Kh8 19. Bxe8 Rxe8 20. Rf8+ Rxf8 21. Bxf8 Nf6 22. Rd1 h5 23. Rxd6 Qc7 24. Qe7 1-0


[Site "https://www.chess.com"]

[Event "Titled Tuesday Blitz July 18 Early 2023"]
[White "Ai, Evan"]
[Black "Levitan, Ronit"]
[WhiteFideId "2094770"]
[BlackFideId "2815109"]
[WhiteElo "2439"]
[BlackElo "2277"]
[Result "1-0"]
[Round "10"]
[TimeControl "180+2"]
[Date "2023.07.18"]
[WhiteClock "0:00:19"]
[BlackClock "0:00:10"]
[Board "108"]

1. c4 e6 2. d4 d5 3. Nf3 Nf6 4. g3 dxc4 5. Bg2 a6 6. O-O Nc6 7. Qc2 Nxd4 8. Nxd4 Qxd4 9. Be3 Qe5 10. Qxc4 Bd6 11. Nc3 O-O 12. Rfd1 b5 13. Qd3 Rb8 14. Ba7 Rb7 15. Bxb7 Bxb7 16. Bd4 Qh5 17. f3 Qh3 18. Bf2 Ng4 19. Qd4 Qxh2+ 20. Kf1 Qh1+ 21. Bg1 Qh3+ 22. Ke1 Bxg3+ 23. Kd2 Ne5 24. Kc2 Nc4 25. Qg4 Qg2 26. Bd4 e5 27. Rg1 Qh2 28. Rxg3 g6 29. Rh3 exd4 30. Rxh2 Ne3+ 31. Kd3 Nxg4 32. fxg4 dxc3 33. Kxc3 Re8 34. Rd1 Re3+ 35. Kd2 Re4 36. Rc1 Rxg4 37. Rxc7 Be4 38. Ra7 Bf5 39. Rxa6 Rd4+ 40. Ke1 Rc4 41. Kf2 Rc2 42. b3 Bd3 43. Ke3 Bf5 44. a4 bxa4 45. bxa4 Ra2 46. Ra8+ Kg7 47. a5 h5 48. Rh4 Ra3+ 49. Kf2 g5 50. Rxh5 Bg4 51. Rxg5+ Kf6 52. Rxg4 Ra2 53. Rf4+ Kg6 54. Rf3 Ra4 55. a6 f6 56. a7 f5 57. Rg8+ 1-0


[Site "https://www.chess.com"]

[Event "Titled Tuesday Blitz July 18 Early 2023"]
[White "Herman, Daniel"]
[Black "Larina, Maria"]
[WhiteFideId "30935008"]
[BlackFideId "24113182"]
[WhiteElo "2428"]
[BlackElo "2222"]
[Result "1/2-1/2"]
[Round "10"]
[TimeControl "180+2"]
[Date "2023.07.18"]
[WhiteClock "0:00:13"]
[BlackClock "0:00:11"]
[Board "109"]

1. d4 f5 2. g3 Nf6 3. Bg2 d6 4. Nh3 Nc6 5. d5 Ne5 6. Nf4 g5 7. Ne6 Bxe6 8. dxe6 c6 9. Bxg5 Qc8 10. Bxf6 exf6 11. O-O Qxe6 12. Nd2 d5 13. Nf3 Nxf3+ 14. Bxf3 O-O-O 15. e3 Bc5 16. c3 f4 17. gxf4 Rdg8+ 18. Kh1 h5 19. Qe2 Kc7 20. Rg1 h4 21. Rxg8 Rxg8 22. Rg1 Rxg1+ 23. Kxg1 Qg8+ 24. Kh1 Qh7 25. b4 Bd6 26. h3 Qb1+ 27. Kh2 Qf5 28. Bg4 Qb1 29. a4 f5 30. Bf3 Qa1 31. c4 d4 32. c5 Bf8 33. Qc4 Be7 34. Qe6 Kd8 35. Qxf5 dxe3 36. fxe3 Qb2+ 37. Bg2 Qxb4 38. e4 Qxc5 39. Qxc5 Bxc5 40. e5 Ke7 41. Be4 Be3 42. Kg2 Bxf4 43. Kf3 Bxe5 44. Kg4 Bg3 45. Kf5 Kd6 46. Bf3 b6 47. Ke4 Kc5 48. Kd3 a5 49. Kc3 b5 50. Kb3 b4 51. Be4 Bf2 52. Bf3 Bd4 53. Be4 Bc3 54. Bf3 Kd4 55. Bxc6 Kd3 56. Bd7 Kd2 57. Bg4 Kd3 58. Be6 Kd4 59. Bg4 Kc5 60. Be6 Be5 61. Bg4 Bc3 62. Be6 Be5 63. Bg4 Bc3 1/2-1/2


[Site "https://www.chess.com"]